 Dungeon Crawl Stone Soup version 0.30-a0-591-g3c58d2bc28 (webtiles) character file.

Game seed: 10424029817784164301

285 IdlyInterested the Poker (level 6, -3/49 HPs)
             Began as a Demonspawn Gladiator on Jan 4, 2023.
             Slain by an ogre
             ... wielding a +0 giant club
              (20 damage)
             ... on level 4 of the Dungeon.
             The game lasted 00:11:13 (3996 turns).

IdlyInterested the Poker (Demonspawn Gladiator)     Turns: 3996, Time: 00:11:14

Health: -3/49      AC: 11    Str: 16    XL:     6   Next: 7%
Magic:  6/6        EV:  7    Int:  9    God:
Gold:   136        SH:  0    Dex: 15    Spells: 5/5 levels left

rFire   . . .      SeeInvis +    a - +0 trident
rCold   . . .      Faith    .    (no shield)
rNeg    . . .      Spirit   .    f - +0 chain mail
rPois   .          Reflect  .    c - +0 helmet
rElec   .          Harm     .    y - +0 cloak
rCorr   .          Rampage  .    (no gloves)
Will    .....                    (no boots) Stlth
                                 (no amulet)
HPRegen 0.28/turn                r - ring of see invisible
MPRegen 0.10/turn                (no ring)

@: no status effects
A: rugged brown scales 1, powered by pain 2
a: no special abilities


You were on level 4 of the Dungeon.
You visited 1 branch of the dungeon, and saw 4 of its levels.

You collected 158 gold pieces.
You spent 22 gold pieces at shops.

Inventory:

Hand Weapons
 a - a +0 trident (weapon)
 j - a +1 short sword of speed
 l - a +3 dagger
 m - a +1 short sword of draining
Missiles
 d - 3 throwing nets
 e - 5 javelins
 h - 32 stones (quivered)
 k - 15 poisoned darts
Armour
 c - a +0 helmet (worn)
 f - a +0 chain mail (worn)
 y - a +0 cloak (worn)
Jewellery
 p - a ring of fire
 r - a ring of see invisible (left hand)
Wands
 b - a wand of roots (7)
 u - a wand of light (1)
Scrolls
 n - 2 scrolls of noise {unknown}
 o - a scroll of identify
 q - 2 scrolls of poison {unknown}
 s - a scroll of enchant armour {unknown}
 v - a scroll of fear {unknown}
 w - a scroll of fog {unknown}
 x - a scroll of amnesia {unknown}
 z - a scroll of magic mapping {unknown}
Potions
 g - a potion of lignification
 i - 2 potions of might
 t - a potion of heal wounds


   Skills:
 * Level 3.8 Fighting
 + Level 4.6 Polearms
 - Level 2.0 Throwing
 * Level 3.7 Dodging


You had 5 spell levels left.
You didn't know any spells.
Your spell library contained the following spells:

 Spells                   Type           Power      Damage    Failure   Level
 Slow                     Hex            0%         N/A       100%        1
 Cigotuvi's Dreadful Rot  Necr/Pois/Air  0%         N/A       100%        2
 Ensorcelled Hibernation  Hex/Ice        0%         N/A       100%        2
 Passwall                 Tmut/Erth      0%         N/A       100%        2
 Poisonous Vapours        Pois/Air       0%         N/A       100%        2
 Call Canine Familiar     Summ           0%         N/A       100%        3
 Mephitic Cloud           Conj/Pois/Air  0%         N/A       100%        3
 Portal Projectile        Hex/Tloc       0%         N/A       100%        3
 Swiftness                Air            0%         N/A       100%        3
 Leda's Liquefaction      Hex/Erth       0%         N/A       100%        4


Dungeon Overview and Level Annotations

Branches:
Dungeon (4/15)
 Temple: D:4-7

Altars:
Ashenzari
Gozag
Kikubaaqudgha
Wu Jian

Shops:
D:2 *   D:4 *


Innate Abilities, Weirdness & Mutations

You are partially covered in rugged brown scales. (AC +1, +3% HP)
You sometimes gain power by taking damage.


Message History

Found an ornate altar of the Wu Jian Council.
z - a scroll labelled KIATZE QIPN You open the door.
An ogre and 8 goblins come into view.
The goblin shouts!
The ogre shouts!
The goblin shouts! x7
Found 10 large rocks.
You hit the goblin but do no damage. The goblin completely misses you.
You closely miss the goblin. The goblin hits you but does no damage.
You barely miss the goblin. You closely miss the goblin.
The goblin hits you but does no damage. The goblin hits you with a +0 dagger.
You hit the goblin.
The goblin is severely wounded.
The goblin barely misses you. x2
You puncture the goblin!
You kill the goblin!
The goblin hits you but does no damage. The goblin barely misses you.
You puncture the goblin!
You kill the goblin!
You closely miss the goblin. The goblin hits you with a +3 dagger.
You hit the goblin.
You kill the goblin!
You hit the goblin.
The goblin is moderately wounded.
The goblin unwields a +0 club.
The goblin wields a +0 sling.
The goblin shoots a sling bullet.
The sling bullet hits you but does no damage.
You barely miss the ogre. The goblin hits you but does no damage.
The ogre completely misses you.
You barely miss the ogre. The goblin closely misses you.
You puncture the ogre!
The ogre is heavily wounded.
The ogre hits you with a +0 giant club!!
Ouch! That really hurt!
The goblin hits you but does no damage.
You hit the ogre.
The ogre is heavily wounded.
The goblin closely misses you.
The ogre hits you with a +0 giant club!!
You die...

###...............##..........
#......########......####....
##....#........#..............
#.............#####..#.######. _8
.......########...#..#)## .._
####.### #...#.g(#..#..######...
.# #.# ###.#.#ggg##..#...#...##.
.# #.# #.....##O# ##............
.###.####.#####g@# #...........#
..........#####..####....)......#
....................#...........#
......##..#####...####..)......##
##.#.....## ###..## ##....#...##
.#..#...## #....# ##....######
.........####..#.###..##.##
####.............##..###..#
.....#####..........## ##.#


You could see an ogre and 5 goblins.

Vanquished Creatures
  Crazy Yiuf (D:4)
  An iguana (D:4)
  Natasha (thrice) (D:2)
  Robin (D:2)
  A gnoll (D:2)
  3 adders
  2 worms
  A dart slug (D:1)
  An orc (D:3)
  5 bats
  9 endoplasms
  A giant cockroach (D:4)
  23 goblins
  12 hobgoblins
  9 kobolds
  4 quokkas
  8 ball pythons
  3 frilled lizards
  3 rats (D:2)
91 creatures vanquished.

Notes
Turn   | Place    | Note
-------+----------+-------------------------------------------
     0 | D:1      | IdlyInterested the Demonspawn Gladiator began the quest for
                  | the Orb.
     0 | D:1      | Reached XP level 1. HP: 16/16 MP: 1/1
   147 | D:1      | Reached skill level 3 in Polearms
   147 | D:1      | Gained mutation: You are partially covered in rugged brown
                  | scales. (AC +1, +3% HP) [demonic ancestry]
   147 | D:1      | Reached XP level 2. HP: 12/22 MP: 2/2
   811 | D:2      | Reached XP level 3. HP: 27/28 MP: 3/3
   841 | D:2      | Found San Jedu's General Store.
  1082 | D:2      | Noticed Natasha
  1092 | D:2      | Killed Natasha
  1254 | D:2      | Noticed Robin
  1282 | D:2      | Killed Robin
  1283 | D:2      | Reached XP level 4. HP: 35/35 MP: 4/4
  1691 | D:2      | Noticed Natasha
  1711 | D:2      | Killed Natasha
  1712 | D:2      | Reached skill level 4 in Polearms
  1712 | D:2      | Gained mutation: You sometimes gain a little power by
                  | taking damage. [demonic ancestry]
  1712 | D:2      | Reached XP level 5. HP: 30/40 MP: 5/5
  1803 | D:2      | Noticed Natasha
  1815 | D:2      | Killed Natasha
  2120 | D:2      | Bought a scroll of identify for 22 gold pieces
  2134 | D:3      | Found a faded altar of an unknown god.
  2156 | D:3      | Got Plato's Octavo of Fascination
  3035 | D:3      | Found a broken altar of Ashenzari.
  3282 | D:4      | Found Gozag's Platinum Reserve.
  3282 | D:4      | Found an opulent altar of Gozag.
  3761 | D:4      | Found a runed translucent door.
  3762 | D:4      | Noticed Crazy Yiuf
  3771 | D:4      | Killed Crazy Yiuf
  3772 | D:4      | Gained mutation: You sometimes gain power by taking damage.
                  | [demonic ancestry]
  3772 | D:4      | Reached XP level 6. HP: 20/49 MP: 6/6
  3959 | D:4      | Found an ancient bone altar of Kikubaaqudgha.
  3961 | D:4      | Found an ornate altar of the Wu Jian Council.
  3996 | D:4      | Slain by an ogre

Illustrated notes

Levels and vault maps discovered:
D:1:      amcnicky_arrival_single_pillar, layout_basic, hex_intersection
D:2:      layout_basic, serial_shops, shop, hex_intersection, minmay_unequal,
          uniq_robin, uniq_natasha
D:3:      layout_basic, nicolae_overflow_hidden_temple,
          shapermc_ecumenical_altar_rom_forum
D:4:      layout_rooms, nicolae_gozag_zags_fifth_avenue,
          chequers_temple_overflow_statue_of_worship, hangedman_decor_push,
          amethyst_killhole, minmay_ogre_servants, uniq_crazy_yiuf_cottage

Skill      XL: |  1  2  3  4 |
---------------+-------------+-----
Throwing       | 2 |  2.0
Polearms       | 3 4 |  4.6
Dodging        | 3 |  3.7
Fighting       | 3 |  3.8

Action                   |  1- 3 |  4- 6 || total
-------------------------+-------+-------++-------
Melee: Trident           |   115 |   200 ||   315
       Punch             |     3 |     1 ||     4
Throw: Javelin           |     1 |       ||     1
  Use: Scroll            |     2 |     3 ||     5
       Potion            |       |     2 ||     2
Armor: Leather armour    |     4 |       ||     4
       Chain mail        |    89 |   128 ||   217
Dodge: Dodged            |    48 |    58 ||   106

Table legend: (Time is in decaauts)
 A = Elapsed time spent in this place.
 B = Non-inter-level travel time spent in this place.
 C = Inter-level travel time spent in this place.
 D = Time resting spent in this place.
 E = Time spent auto-exploring this place.
 F = Levels seen in this place.
 G = Mean time per level.
                   A        B        C        D        E       F      G
               +--------+--------+--------+--------+--------+-----+--------+
         Total |   4032 |   3537 |    495 |    495 |   2003 |   4 | 1008.0 |
       Dungeon |   4032 |   3537 |    495 |    495 |   2003 |   4 | 1008.0 |
               +--------+--------+--------+--------+--------+-----+--------+

Top non-repeatable levels by time:
     D:2: 1503 daAuts
     D:3: 991 daAuts
     D:4: 785 daAuts
     D:1: 752 daAuts
